 Dungeon Crawl Stone Soup version 0.23-a0-307-gc3b755d (webtiles) character file.

12 RoseArtemis the Insei (level 2, -2/23 HPs)
             Began as a Gnoll Transmuter on Oct 10, 2018.
             Slain by a hobgoblin
             ... wielding a +0 club
              (4 damage)
             ... on level 1 of the Dungeon.
             The game lasted 00:03:15 (465 turns).

RoseArtemis the Insei (Gnoll Transmuter)             Turns: 465, Time: 00:03:16

Health: -2/23      AC:  2    Str: 12    XL:     2   Next: 33%
Magic:  7/7        EV: 14    Int: 15    God:
Gold:   32         SH:  0    Dex: 15    Spells: 9/10 levels left

rFire    . . .     SeeInvis .   h - -3 dagger (curse)
rCold    . . .     Gourm    .   (no shield)
rNeg     . . .     Faith    .   b - +0 robe
rPois    .         Spirit   .   (no helmet)
rElec    .         Reflect  .   (no cloak)
rCorr    .         Harm     .   (no gloves)
MR       .....                  (no boots)
Stlth    ++........             (no amulet)
HPRegen  0.07/turn              (no ring)
MPRegen  0.10/turn              (no ring)

@: appendage
A: distributed training, fangs 1, horns 2, strong nose
a: End Transformation


You were on level 1 of the Dungeon.
You were not hungry.
You had grown temporary horns.
You visited 1 branch of the dungeon, and saw 1 of its levels.

You collected 32 gold pieces.

Inventory:

Hand Weapons
 c - a +1 dagger of speed
 h - a cursed -3 dagger (weapon)
Missiles
 a - 33 arrows
Armour
 b - a +0 robe (worn)
Jewellery
 i - an uncursed ring of see invisible {unknown}
Scrolls
 g - a scroll of immolation {unknown}
Potions
 e - a potion of agility {unknown}
 j - a potion of curing {unknown}
Comestibles
 d - 2 rations


   Skills:
 + Level 2.4 Fighting
 + Level 0.3 Short Blades
 + Level 0.3 Long Blades
 + Level 0.3 Axes
 + Level 0.3 Maces & Flails
 + Level 0.3 Polearms
 + Level 0.3 Staves
 + Level 0.3 Slings
 + Level 0.3 Bows
 + Level 0.3 Crossbows
 + Level 0.3 Throwing
 + Level 0.3 Armour
 + Level 4.4 Dodging
 + Level 0.3 Stealth
 + Level 0.3 Shields
 + Level 6.4 Unarmed Combat
 + Level 4.9 Spellcasting
 + Level 0.2 Conjurations
 + Level 0.2 Hexes
 + Level 0.2 Charms
 + Level 0.2 Summonings
 + Level 0.2 Necromancy
 + Level 0.2 Translocations
 + Level 3.7 Transmutations
 + Level 0.2 Fire Magic
 + Level 0.2 Ice Magic
 + Level 0.2 Air Magic
 + Level 0.2 Earth Magic
 + Level 0.2 Poison Magic
 + Level 0.4 Invocations
 + Level 0.3 Evocations


You had 9 spell levels left.
You knew the following spells:

 Your Spells              Type           Power        Failure   Level  Hunger
a - Beastly Appendage     Tmut           ##....       3%          1    None

Your spell library contained the following spells:

 Spells                   Type           Power        Failure   Level  Hunger
 Sticks to Snakes         Tmut           ##......     5%          2    ##.....
 Spider Form              Tmut/Pois      #.........   22%         3    ###....
 Ice Form                 Ice/Tmut       #.......     58%         4    ####...
 Blade Hands              Tmut           ##........   69%         5    ######.


Dungeon Overview and Level Annotations

Branches:
Dungeon (1/15)

Altars:


Innate Abilities, Weirdness & Mutations

Your experience applies equally to all skills.
You have very sharp teeth.
Your uncanny sense of smell can sniff out nearby items.
You have a pair of horns on your head.


Message History

You kill the giant cockroach!
The hobgoblin hits you with a club.
You barely miss the hobgoblin. You barely miss the hobgoblin.
The hobgoblin hits you with a club.
* * * LOW HITPOINT WARNING * * *
You closely miss the hobgoblin. Your headbutt misses the hobgoblin.
The hobgoblin closely misses you.
You closely miss the hobgoblin.
The hobgoblin hits you but does no damage.
You hit the hobgoblin but do no damage. Your headbutt misses the hobgoblin.
You bite the hobgoblin, but do no damage.
The hobgoblin hits you with a club.
* * * LOW HITPOINT WARNING * * *
You hit the hobgoblin but do no damage. You headbutt the hobgoblin.
The hobgoblin hits you with a club.
* * * LOW HITPOINT WARNING * * *
You closely miss the hobgoblin. The hobgoblin closely misses you.
You hit the hobgoblin but do no damage. The hobgoblin misses you.
You hit the hobgoblin but do no damage. The hobgoblin hits you with a club.
You die...

#. #.###########
#...........#########
#.......(..(.........
##..........#########.##
........................
######.#########.####.#
..... #....# .#......
#@...# .#...#.#...
#.g#..... ..#... ... ..
#..#.#.## ...#.#. ...
#..# # # ....#...##....
#.## ...#.#[#.#.... #.>
..#...#...#... #.#
.#...#.#...#.. #..
#...#.<.#...#


You could see a hobgoblin.

Vanquished Creatures
  A leopard gecko (D:1)
  A giant cockroach (D:1)
  3 goblins (D:1)
  2 hobgoblins (D:1)
  3 kobolds (D:1)
  A rat (D:1)
11 creatures vanquished.

Notes
Turn   | Place    | Note
-------+----------+-------------------------------------------
     0 | D:1      | RoseArtemis the Gnoll Transmuter began the quest for the
                  | Orb.
     0 | D:1      | Reached XP level 1. HP: 17/17 MP: 6/6
   103 | D:1      | Reached XP level 2. HP: 20/23 MP: 5/7
   465 | D:1      | Slain by a hobgoblin

Vault maps used:
D:1:      matt_arrival_diagonals, minmay_quantized

Action                   || total
-------------------------++-------
Melee: Unarmed           ||     9
       Bite              ||     8
       Kick              ||     3
       Dagger            ||    35
       Headbutt          ||     5
 Cast: Beastly Appendage ||     7
Armor: Robe              ||     5
Dodge: Dodged            ||    31

Table legend:
 A = Non-vault XP
 B = Vault XP
 C = Vault XP percentage of total XP
 D = Non-vault monster count
 E = Vault monster count
 F = Vault count percentage of total count
                 A         B        C        D         E       F
            +---------+---------+-------+---------+---------+-------
      Total |      18 |       0 |   0.0 |      11 |       0 |   0.0
            +---------+---------+-------+---------+---------+-------
        D:1 |      18 |       0 |   0.0 |      11 |       0 |   0.0
            +---------+---------+-------+---------+---------+-------
